 Dungeon Crawl Stone Soup version 0.26-a0-455-g0958c023ba (webtiles) character file.

Game seed: 15279996674148251067

83 drasked the Chucker (level 4, -1/44 HPs)
             Began as an Ogre Hunter on July 29, 2020.
             Slain by a hobgoblin
             ... wielding a +0 club
              (3 damage)
             ... on level 3 of the Dungeon.
             The game lasted 00:04:12 (2389 turns).

drasked the Chucker (Ogre Hunter)                   Turns: 2389, Time: 00:04:12

Health: -1/44      AC:  3    Str: 17    XL:     4   Next: 44%
Magic:  4/4        EV: 10    Int: 12    God:
Gold:   101        SH:  0    Dex:  9    Spells: 3/3 levels left

rFire    . . .     SeeInvis .   g - +0 whip
rCold    . . .     Faith    .   (no shield)
rNeg     . . .     Spirit   .   b - +0 robe
rPois    .         Reflect  .   (helmet restricted)
rElec    .         Harm     .   (no cloak)
rCorr    .                      (gloves unavailable)
MR       .....                  (boots unavailable)
Stlth    +.........             (no amulet)
HPRegen  0.14/turn              (no ring)
MPRegen  0.09/turn              (no ring)

@: no status effects
A: large, unfitting armour, tough skin 1
a: no special abilities


You were on level 3 of the Dungeon.
You visited 1 branch of the dungeon, and saw 3 of its levels.

You collected 101 gold pieces.

Inventory:

Hand Weapons
 g - a +0 whip (weapon)
   (You found it on level 1 of the Dungeon)
Missiles
 c - a large rock (quivered) {!d!d}
 d - a throwing net {=f, !d=f}
 Q - 52 stones
Armour
 b - a +0 robe (worn)
Scrolls
 e - 2 scrolls of identify {unknown}
 f - 3 scrolls of remove curse {unknown}
 h - a scroll of teleportation {unknown}
 j - a scroll of magic mapping {unknown}
 m - a scroll of enchant armour {unknown}
Potions
 a - 2 potions of curing {unknown}
 i - 2 potions of brilliance {unknown}
 k - a potion of lignification {unknown}
 l - 2 potions of heal wounds {unknown}


   Skills:
 - Level 2.6 Fighting
 * Level 0.1 Maces & Flails
 + Level 5.7 Throwing
 - Level 1.7 Dodging
 - Level 0.6 Stealth


You had 3 spell levels left.
You didn't know any spells.
Your spell library was empty.

Dungeon Overview and Level Annotations

Branches:
Dungeon (3/15)

Altars:


Innate Abilities, Weirdness & Mutations

You are too large for most types of armour.
You have tough skin. (AC +1)


Message History

You kill the hobgoblin!
No target in view!
You start resting.
A hobgoblin comes into view. It is wielding a +0 club.
A hobgoblin is nearby!
A hobgoblin is nearby!
Throwing (i - inventory. (/) - cycle)
Q - 58 stones (quivered)
Aim: a hobgoblin, wielding a +0 club and wearing +0 fire dragon scales (wandering, hasn't noticed you)
You throw a stone. The stone barely misses the hobgoblin.
Throwing (i - inventory. (/) - cycle)
Q - 57 stones (quivered)
Aim: a hobgoblin, wielding a +0 club and wearing +0 fire dragon scales You throw a stone.
The stone barely misses the hobgoblin.
Throwing (i - inventory. (/) - cycle)
Q - 56 stones (quivered)
Aim: a hobgoblin, wielding a +0 club and wearing +0 fire dragon scales You throw a stone.
The stone hits the hobgoblin but does no damage.
Throwing (i - inventory. (/) - cycle)
Q - 55 stones (quivered)
Aim: a hobgoblin, wielding a +0 club and wearing +0 fire dragon scales You throw a stone.
The stone hits the hobgoblin.
Throwing (i - inventory. (/) - cycle)
Q - 54 stones (quivered)
Aim: a hobgoblin, wielding a +0 club and wearing +0 fire dragon scales (almost dead)
You throw a stone.
The stone hits the hobgoblin but does no damage.
Throwing (i - inventory. (/) - cycle)
Q - 53 stones (quivered)
Aim: a hobgoblin, wielding a +0 club and wearing +0 fire dragon scales (almost dead)
You throw a stone. The stone barely misses the hobgoblin.
You hit the hobgoblin but do no damage. The hobgoblin barely misses you.
You completely miss the hobgoblin. The hobgoblin hits you with a +0 club.
You hit the hobgoblin but do no damage. The hobgoblin completely misses you.
You hit the hobgoblin but do no damage. The hobgoblin hits you with a +0 club.
You hit the hobgoblin but do no damage. The hobgoblin misses you.
You hit the hobgoblin but do no damage. The hobgoblin hits you with a +0 club.
You closely miss the hobgoblin. The hobgoblin hits you with a +0 club.
You hit the hobgoblin but do no damage.
The hobgoblin hits you but does no damage.
You hit the hobgoblin but do no damage. The hobgoblin misses you.
You barely miss the hobgoblin. The hobgoblin barely misses you.
You barely miss the hobgoblin. The hobgoblin closely misses you.
You hit the hobgoblin but do no damage. The hobgoblin hits you with a +0 club.
You hit the hobgoblin. The hobgoblin misses you.
You barely miss the hobgoblin. The hobgoblin closely misses you.
You hit the hobgoblin but do no damage. The hobgoblin closely misses you.
You hit the hobgoblin but do no damage. The hobgoblin hits you with a +0 club.
You are too injured to fight recklessly!
You are too injured to fight recklessly!
You are too injured to fight recklessly!
You are too injured to fight recklessly!
You hit the hobgoblin but do no damage. The hobgoblin barely misses you.
You closely miss the hobgoblin. The hobgoblin misses you.
You completely miss the hobgoblin. The hobgoblin hits you with a +0 club.
* * * LOW HITPOINT WARNING * * *
You barely miss the hobgoblin.
The hobgoblin hits you but does no damage.
You hit the hobgoblin but do no damage. The hobgoblin completely misses you.
You barely miss the hobgoblin. The hobgoblin completely misses you.
You hit the hobgoblin but do no damage. The hobgoblin hits you with a +0 club.
* * * LOW HITPOINT WARNING * * *
You closely miss the hobgoblin. The hobgoblin hits you with a +0 club.
* * * LOW HITPOINT WARNING * * *
You hit the hobgoblin but do no damage. The hobgoblin hits you with a +0 club.
* * * LOW HITPOINT WARNING * * *
You hit the hobgoblin but do no damage. The hobgoblin hits you with a +0 club.
* * * LOW HITPOINT WARNING * * *
You hit the hobgoblin but do no damage. The hobgoblin hits you with a +0 club.
* * * LOW HITPOINT WARNING * * *
You hit the hobgoblin but do no damage. The hobgoblin barely misses you.
You closely miss the hobgoblin.
The hobgoblin hits you but does no damage.
You closely miss the hobgoblin. The hobgoblin closely misses you.
You barely miss the hobgoblin. The hobgoblin hits you with a +0 club.
* * * LOW HITPOINT WARNING * * *
You closely miss the hobgoblin. The hobgoblin misses you.
You closely miss the hobgoblin. The hobgoblin hits you with a +0 club.
* * * LOW HITPOINT WARNING * * *
You barely miss the hobgoblin. The hobgoblin closely misses you.
You hit the hobgoblin but do no damage. The hobgoblin hits you with a +0 club.
* * * LOW HITPOINT WARNING * * *
You hit the hobgoblin but do no damage. The hobgoblin closely misses you.
You hit the hobgoblin but do no damage. The hobgoblin hits you with a +0 club.
* * * LOW HITPOINT WARNING * * *
Quiver which item? (- for none, * to show all) (? for menu, Esc to quit)
Quivering
c - 4 large rocks {!d!d} for throwing.
Throwing (i - inventory. (/) - cycle)
c - 4 large rocks (quivered)
{!d!d}
Aim: a hobgoblin, wielding a +0 club and wearing +0 fire dragon scales (severely wounded)
You throw a large rock {!d!d}.
The large rock {!d!d} barely misses the hobgoblin.
The hobgoblin hits you with a +0 club.
* * * LOW HITPOINT WARNING * * *
Throwing (i - inventory. (/) - cycle)
c - 3 large rocks (quivered)
{!d!d}
Aim: a hobgoblin, wielding a +0 club and wearing +0 fire dragon scales (severely wounded)
You throw a large rock {!d!d}.
The large rock {!d!d} closely misses the hobgoblin.
The hobgoblin closely misses you. The hobgoblin hits you with a +0 club.
* * * LOW HITPOINT WARNING * * *
Throwing (i - inventory. (/) - cycle)
c - 2 large rocks (quivered)
{!d!d}
Aim: a hobgoblin, wielding a +0 club and wearing +0 fire dragon scales (severely wounded)
You throw a large rock {!d!d}.
The large rock {!d!d} barely misses the hobgoblin.
The hobgoblin hits you with a +0 club.
You die...

#.# #.#
#.# #.#
###.# #.#
#...# #.#
#†### #.#
#.# #.# .
#.# #.#
..$.####.#
#.#
(.((((g@.#
#.#
((..######
#.# . #.#
#.# #.#
#.# #.#
#.# #.#


You could see a hobgoblin.

Levels and vault maps discovered:
D:1:      minmay_arrival_checkered_box, layout_basic
D:2:      layout_basic
D:3:      layout_loops_ring, kennysheep_okawaru_gauntlet

Notes
Turn   | Place    | Note
-------+----------+-------------------------------------------
     0 | D:1      | drasked the Ogre Hunter began the quest for the Orb.
     0 | D:1      | Reached XP level 1. HP: 22/22 MP: 1/1
     6 | D:1      | Identified a +0 dagger
    29 | D:1      | Identified a +0 dagger
    32 | D:1      | Identified a +0 club
   142 | D:1      | Reached XP level 2. HP: 29/29 MP: 2/2
   207 | D:1      | Identified a +0 whip (You found it on level 1 of the
                  | Dungeon)
   266 | D:1      | Identified a +0 club
   495 | D:1      | Identified a +0 short sword
   755 | D:2      | Identified a cursed -2 club
   765 | D:1      | Reached XP level 3. HP: 30/36 MP: 3/3
   824 | D:1      | Reached skill level 5 in Throwing
   861 | D:2      | Identified a +0 club
   905 | D:2      | Identified a +0 short sword
   922 | D:2      | HP: 8/36 [adder (2)]
   928 | D:2      | HP: 4/36 [poisoned by an adder]
   936 | D:2      | HP: 3/36 [poisoned by an adder]
  1226 | D:2      | Identified a +0 dagger
  1732 | D:2      | Reached XP level 4. HP: 44/44 MP: 4/4
  2218 | D:3      | Identified a +0 club
  2343 | D:3      | Identified a +0 club
  2343 | D:3      | Identified +0 fire dragon scales
  2380 | D:3      | HP: 11/44 [hobgoblin/+0 club (4)]
  2386 | D:3      | HP: 3/44 [hobgoblin/+0 club (4)]
  2389 | D:3      | Slain by a hobgoblin

Table legend: (Time is in decaauts)
 A = Elapsed time spent in this place.
 B = Non-inter-level travel time spent in this place.
 C = Inter-level travel time spent in this place.
 D = Time resting spent in this place.
 E = Time spent auto-exploring this place.
 F = Levels seen in this place.
 G = Mean time per level.
                   A        B        C        D        E       F      G
               +--------+--------+--------+--------+--------+-----+--------+
         Total |   2391 |   2286 |    105 |    921 |    939 |   3 |  797.0 |
       Dungeon |   2391 |   2286 |    105 |    921 |    939 |   3 |  797.0 |
               +--------+--------+--------+--------+--------+-----+--------+

Top non-repeatable levels by time:
     D:1: 1073 daAuts
     D:2: 1000 daAuts
     D:3: 317 daAuts

Table legend:
 A = Kills in this place as a percentage of kills in entire the game.
 B = Kills by you in this place as a percentage of kills by you in the entire game.
 C = Kills by friends in this place as a percentage of kills by friends in the entire game.
 D = Other kills in this place as a percentage of other kills in the entire game.
 E = Experience gained in this place as a percentage of experience gained in the entire game.
 F = Experience gained in this place divided by the number of levels of this place that you have seen.
                   A       B       C       D       E      F
               +-------+-------+-------+-------+-------+----------------------
         Total | 100.0 | 100.0 |   N/A |   N/A | 100.0 |  39.7
       Dungeon | 100.0 | 100.0 |   N/A |   N/A | 100.0 |  39.7
               +-------+-------+-------+-------+-------+----------------------

Skill      XL: |  1  2  3 |
---------------+----------+-----
Throwing       | 5 |  5.7
Fighting       | |  2.6
Maces & Flails | |  0.1
Dodging        | |  1.7
Stealth        | |  0.6

Action                   |  1- 3 |  4- 6 || total
-------------------------+-------+-------++-------
Melee: Short sword       |     8 |       ||     8
       Whip              |    59 |    75 ||   134
Throw: Stone             |    82 |    45 ||   127
       Large rock        |     7 |     5 ||    12
       Throwing net      |     3 |     3 ||     6
Armor: Robe              |    23 |     9 ||    32
Dodge: Dodged            |    47 |    33 ||    80

Vanquished Creatures
  3 adders (D:2)
  A worm (D:2)
  3 dart slugs (D:1)
  2 leopard geckos
  4 bats
  A giant cockroach (D:3)
  6 hobgoblins
  4 jackals (D:1)
  A quokka (D:2)
  A ball python (D:2)
  6 frilled lizards
  4 goblins
  5 kobolds
  4 rats
45 creatures vanquished.
